 Dungeon Crawl Stone Soup version 0.22.1-1-ga44c0e56f4 (webtiles) character file.

12 Gunterle the Sneak (level 2, 0/12 HPs)
             Began as a Felid Wanderer on Oct 3, 2018.
             Slain by a gnoll
             ... wielding a +0 spear
              (8 damage)
             ... on level 1 of the Dungeon.
             The game lasted 00:01:38 (570 turns).

Gunterle the Sneak (Felid Wanderer)                  Turns: 570, Time: 00:01:40

Health: 0/12       AC:  1    Str:  8    XL:     2   Next: 20%
Magic:  3/3        EV: 19    Int: 13    God:
Gold:   12         SH:  0    Dex: 15    Spells: 1/1 levels left
                                        Lives:  0   Deaths: 0

rFire    . . .     SeeInvis +     - Unarmed
rCold    . . .     Gourm    .   (shield unavailable)
rNeg     . . .     Faith    .   (armour unavailable)
rPois    .         Spirit   .   (helmet unavailable)
rElec    .         Reflect  .   (cloak unavailable)
rCorr    .         Harm     .   (gloves unavailable)
MR       .....                  (boots unavailable)
Stlth    +++.......             (no amulet)
HPRegen  0.04/turn              (no ring)
MPRegen  0.08/turn              (no ring)

@: quick
A: very small, no armour, no weapons or thrown items, stealth, claws 1, fangs 3,
see invisible, carnivore, speed 1, shaggy fur 1, slow metabolism 1, sharp paws
a: no special abilities


You were on level 1 of the Dungeon.
You were completely stuffed.

You visited 1 branch of the dungeon, and saw 1 of its levels.

You collected 12 gold pieces.

Inventory:

Scrolls
 e - a scroll of fog {unknown}
 h - a scroll of identify {unknown}
Potions
 a - a potion of heal wounds
 b - a potion of berserk rage
 c - 2 potions of curing
 d - 3 potions of lignification
 g - a potion of invisibility {unknown}
Comestibles
 f - 4 rations
 i - 3 chunks of flesh


   Skills:
 + Level 1.3 Fighting
 + Level 4.2 Dodging
 + Level 4.2 Stealth
 * Level 2.4 Unarmed Combat
   Level 1.1 Evocations


You had one spell level left.
You didn't know any spells.
Your spell library was empty.

Dungeon Overview and Level Annotations

Branches:
Dungeon (1/15)

Altars:


Innate Abilities, Weirdness & Mutations

You cannot wear armour.
You are incapable of wielding weapons or throwing items.
Your paws allow you to move quietly. (Stealth)
You have sharp claws.
You have razor-sharp teeth.
You have supernaturally acute eyesight. (SInv)
You are carnivorous and can eat meat at any time.
You cover ground quickly.
You are covered in fur. (AC +1)
You have a slow metabolism.
Your sharp claws are effective at attacking unaware monsters.


Message History

A kobold comes into view.
You see here a scroll labeled ITEATR UH NOSO.
A gnoll comes into view. It is wielding a spear.
A leopard gecko comes into view.
The helpless kobold fails to defend itself.
You mangle the kobold!!
You kill the kobold!
The leopard gecko hisses angrily.
The gnoll shouts!
The gnoll hits you with a spear.
You hear an angry hiss.
You scratch the gnoll but do no damage. The leopard gecko closely misses you.
The gnoll misses you.
A frilled lizard comes into view.
The frilled lizard hisses angrily.
You scratch the gnoll.
The gnoll is moderately wounded.
The leopard gecko bites you but does no damage.
The gnoll hits you with a spear!
Ouch! That really hurt!
You die...

#....#.# #.#..........#.#.)....#.
#....#.# #.#........(.# ##.###.#.
.....#.###.#..#######.#.##.###.#.
.................................
....##.........##.....#.##.#.###.
....##................+.##.#.....
#+####...?............# #.#.....
#................# #.#....#
#.#####....@l....# #.#....# #.#
#.....g....# #.#....# #.#
#.####.....# #.#..^.# #.# #.#
.....# #....# #+ #.# ###..l.
#..### #.# .... #..#.. ... #.....
.. +..... #.....


You could see a gnoll, a leopard gecko and a frilled lizard.

Vanquished Creatures
  A dart slug (D:1)
  A hobgoblin (D:1)
  A kobold (D:1)
  A ball python (D:1)
  3 bats (D:1)
  3 frilled lizards (D:1)
  A rat (D:1)
11 creatures vanquished.

Notes
Turn   | Place    | Note
-------+----------+-------------------------------------------
     0 | D:1      | Gunterle the Felid Wanderer began the quest for the Orb.
     0 | D:1      | Gunterle set off with: a potion of heal wounds, a potion of
                  | berserk rage, a potion of curing, a potion of
                  | lignification, a ration
     0 | D:1      | Reached XP level 1. HP: 9/9 MP: 2/2
   437 | D:1      | Reached XP level 2. HP: 12/12 MP: 3/3
   570 | D:1      | Slain by a gnoll

Action                   || total
-------------------------++-------
Melee: Unarmed           ||    25
       Bite              ||     2
       Punch             ||     1
 Stab: Sleeping          ||     7
  Eat: Chunk             ||     7
Armor: Skin              ||     1
Dodge: Dodged            ||    14
